 Dungeon Crawl Stone Soup version 0.19-a0-854-gc78d25d (webtiles) character file.

10 Implojin the Shield-Bearer (level 2, -5/26 HPs)
             Began as a Minotaur Fighter on July 2, 2016.
             Slain by a kobold
             ... wielding a +2 short sword of venom
              (6 damage)
             ... on level 3 of the Dungeon.
             The game lasted 00:00:50 (163 turns).

Implojin the Shield-Bearer (Minotaur Fighter)        Turns: 163, Time: 00:00:51

Health: -5/26      AC:  6    Str: 25    XL:     2   Next: 10%
Magic:  1/1        EV:  7    Int:  5    God:
Gold:   23         SH:  0    Dex:  9    Spells: 0 memorised, 1 level left

rFire  . . .     SeeInvis .     a - +0 war axe
rCold  . . .     Gourm    .     b - +0 scale mail
rNeg   . . .     Faith    .     c - +0 shield
rPois  .         Spirit   .     (helmet restricted)
rElec  .         Dismiss  .     (no cloak)
rCorr  .         Reflect  .     (no gloves)
SustAt .         Harm     .     (no boots)
MR     .....                    (no amulet)
Stlth  ..........               (no ring)
                                (no ring)

@: confused, mighty, lethally poisoned (-5 -> -14), flying, not resistant to
hostile enchantments, extremely unstealthy
A: retaliatory headbutt, horns 2
a: no special abilities


You were on level 3 of the Dungeon.
You were not hungry.

You visited 1 branch of the dungeon, and saw 3 of its levels.

You collected 23 gold pieces.

Inventory:

Hand Weapons
 a - a +0 war axe (weapon)
Armour
 b - a +0 scale mail (worn)
 c - a +0 shield (worn)
Scrolls
 e - a scroll of fear {unknown}
 g - 2 scrolls of identify {unknown}
 h - a scroll of noise {unknown}
Comestibles
 f - a bread ration


   Skills:
 - Level 3.6 Fighting
 * Level 3.4 Axes
 - Level 3.6 Armour
 - Level 3.6 Shields


You had one spell level left.
You didn't know any spells.

Dungeon Overview and Level Annotations

Branches:
Dungeon (3/15)

Altars:


Innate Abilities, Weirdness & Mutations

You reflexively headbutt those who attack you in melee.
You have a pair of horns on your head.


Message History

Unknown command.
You hit the orc.
You kill the orc!
You closely miss the orc. You slash the rat!
You kill the rat!
You have reached level 2!
The orc hits you with a falchion.
* * * LOW HITPOINT WARNING * * *
The orc wizard casts a spell.
The orc wizard blinks!
The orc wizard casts a spell at you. The magic dart hits you!
* * * LOW HITPOINT WARNING * * *
Unknown command.
You closely miss the orc. You closely miss the kobold.
The orc barely misses you. You furiously retaliate!
You headbutt the orc!!
You kill the orc!
The kobold hits you with a short sword of venom.
* * * LOW HITPOINT WARNING * * *
You are lethally poisoned!
The orc wizard casts a spell at you. The magic dart hits you!
* * * LOW HITPOINT WARNING * * *
* * * LOW HITPOINT WARNING * * *
You feel sick. You block the kobold's attack.
The orc wizard gestures wildly while chanting.
The orc wizard blinks!
It was a potion of flight.
You feel very buoyant.
You fly up into the air.
* * * LOW HITPOINT WARNING * * *
You feel sick. You block the kobold's attack. The kobold barely misses you.
It was a potion of ambrosia.
You are confused.
You feel invigorated.
* * * LOW HITPOINT WARNING * * *
You feel sick. The kobold hits you with a short sword.
* * * LOW HITPOINT WARNING * * *
The kobold hits you with a short sword of venom.
You die...

#...##.#.....#
.......(#.###....
####.####.####### ..
#.#.....#
##.).#.#.#.....######
....................
#...###.#.....#?#...
#. ...#.......o...
#.####..@K).....§ #
#..†K)......
.....####......
####.# (.... #.. ....
#.. ... #. .# #


You could see an orc wizard and 2 kobolds.

Vanquished Creatures
  2 orcs (D:3)
  A bat (D:2)
  A goblin (D:3)
  A kobold (D:2)
  A ball python (D:1)
  2 rats (D:3)
8 creatures vanquished.

Notes
Turn   | Place    | Note
-------+----------+-------------------------------------------
     0 | D:1      | Implojin the Minotaur Fighter began the quest for the Orb.
     0 | D:1      | Reached XP level 1. HP: 19/19 MP: 0/0
   140 | D:3      | Reached skill level 3 in Axes
   155 | D:3      | Noticed an orc wizard
   159 | D:3      | Reached XP level 2. HP: 13/26 MP: 1/1
   162 | D:3      | HP: 1/26 [poisoned by a kobold]
   163 | D:3      | Slain by a kobold

Vault maps used:
D:1:      sevenhm_arrival_forest_fort_large_1
D:2:      hex_large, minmay_misc_feat_secret_circle
D:3:      old_standard_altar, lemuel_crystal_altar

Skill      XL: |  1 |
---------------+----+-----
Axes           | 3 |  3.4
Fighting       | |  3.6
Armour         | |  3.6
Shields        | |  3.6

Action                   || total
-------------------------++-------
Melee: War axe           ||     9
       Headbutt          ||     1
  Use: Potion            ||     3
Armor: Scale mail        ||     2
Dodge: Dodged            ||     8
Block: Shield            ||    10

Table legend:
 A = Turns spent in this place as a percentage of turns spent in the entire game.
 B = Non-inter-level travel turns spent in this place as a percentage of non-inter-level travel turns spent in the entire game.
 C = Inter-level travel turns spent in this place as a percentage of turns spent in this place.
 D = Turns resting spent in this place as a percentage of non-inter-level travel turns spent in this place.
 E = Turns spent auto-exploring this place as a percentage of non-inter-level travel turns spent in this place.
 F = Non-inter-level travel turns spent in this place divided by the number of levels of this place that you've seen.
                   A       B       C       D       E      F
               +-------+-------+-------+-------+-------+----------------------
         Total | 100.0 | 100.0 |   0.0 |   0.0 |   0.0 |  56.7
       Dungeon | 100.0 | 100.0 |   0.0 |   0.0 |   0.0 |  56.7
               +-------+-------+-------+-------+-------+----------------------

Table legend:
 A = Kills in this place as a percentage of kills in entire the game.
 B = Kills by you in this place as a percentage of kills by you in the entire game.
 C = Kills by friends in this place as a percentage of kills by friends in the entire game.
 D = Other kills in this place as a percentage of other kills in the entire game.
 E = Experience gained in this place as a percentage of experience gained in the entire game.
 F = Experience gained in this place divided by the number of levels of this place that you have seen.
                   A       B       C       D       E      F
               +-------+-------+-------+-------+-------+----------------------
         Total | 100.0 | 100.0 |  -nan |  -nan | 100.0 |   5.0
       Dungeon | 100.0 | 100.0 |  -nan |  -nan | 100.0 |   5.0
               +-------+-------+-------+-------+-------+----------------------
